Cogmind - Beta 16.1 @@@ ROGUE MODE // 2026.02.25 @ 15:22:38 Player: alexustasu Result: Destroyed by Y-45 Defender with Heavy Assault Rifle Performance ------------- Evolutions (1) 500 Regions Visited (3) 600 Robots Destroyed (28) 140 Value Destroyed (714) 714 Prototype IDs (0) 0 Alien Tech Used (0) 0 Bonus (0) 0 TOTAL SCORE: 1954 Bonus ------- None Cogmind --------- Core Integrity 0/400 Matter 300/300 Energy 250/250 System Corruption 11% Temperature Cool (0) Movement Walking (260) Ox2 Location -9/Mines Parts ------- > --- POWER (1) -------- Ion Engine > --- PROPULSION (2) --- Aluminum Leg > --- UTILITY (4) ------ Large Storage Unit Structural Scanner Tractor Beam > --- WEAPON (2) ------- Makeshift Shrapnel Gun > --- INVENTORY (15) --- Aluminum Leg Aluminum Leg Aluminum Leg Aluminum Leg Wheel Heat Sink Improved Heat Sink Small Laser Small Laser Peak State ------------ > --- POWER ------------ Ion Engine > --- PROPULSION ------- Aluminum Leg Aluminum Leg > --- UTILITY ---------- Heat Sink Large Storage Unit Structural Scanner Tractor Beam > --- WEAPON ----------- Light Assault Rifle Makeshift Shrapnel Gun > --- INVENTORY -------- Aluminum Leg Aluminum Leg Aluminum Leg Aluminum Leg Wheel Heat Sink Improved Heat Sink Small Laser Small Laser [Rating: 13] Favorites ----------- Power Ion Engine Engine Ion Engine Propulsion Aluminum Leg Leg Aluminum Leg Utility Structural Scanner Device Structural Scanner Storage Large Storage Unit Protection Core Shielding Weapon Light Assault Rifle Energy Gun Small Laser Ballistic Gun Light Assault Rifle Launcher Grenade Launcher Special Melee Weapon Datajack Build | -11 -10 -9 -9 ------- Run | Yrd Mat Mat Min Slots Evolved 2 | . . 2 . Power . | . . . . Propulsion . | . . . . Utility 2 | . . 2 . Weapon . | . . . . Parts Attached 35 | 6 7 14 8 Power 6 | 1 . 4 1 Engine 6 | 1 . 4 1 Core . | . . . . Reactor . | . . . . Propulsion 10 | 2 2 5 1 Treads . | . . . . Leg 10 | 2 2 5 1 Wheel . | . . . . Hover . | . . . . Flight . | . . . . Utility 8 | 1 2 3 2 Device 5 | . 1 2 2 Storage 2 | 1 1 . . Processor . | . . . . Hackware . | . . . . Protection 1 | . . 1 . Artifact . | . . . . Weapon 11 | 2 3 2 4 Energy Gun 4 | 1 2 . 1 Energy Cannon . | . . . . Ballistic Gun 5 | 1 . 2 2 Ballistic Cannon . | . . . . Launcher 1 | . 1 . . Special Weapon . | . . . . Impact Weapon . | . . . . Slashing Weapon . | . . . . Piercing Weapon . | . . . . Special Melee Weapon 1 | . . . 1 Unidentified Prototypes . | . . . . Parts Lost 18 | . . 9 9 Power 5 | . . 4 1 Propulsion 4 | . . 1 3 Utility 4 | . . 1 3 Weapon 5 | . . 3 2 Highest Loss Streak 6 | . . 5 6 To Critical Strikes . | . . . . Average Backups 8 | 3 7 9 9 Power . | . 1 . . Propulsion 3 | 2 3 3 4 Utility 1 | . 1 1 2 Weapon 1 | . 1 2 1 Tool/Special . | . . . . Unused Backups 10 | . 3 . 7 Power . | . . . . Propulsion 7 | . 3 . 4 Utility 2 | . . . 2 Weapon 1 | . . . 1 Tool/Special . | . . . . Average Slot Usage (%) 95 | . 98 95 92 Engine 11 | . 14 9 10 Leg 23 | . 28 21 20 Device 22 | . 12 28 28 Storage 12 | . 14 11 11 Protection 1 | . . 3 . Energy Gun 8 | . 14 4 4 Ballistic Gun 12 | . 9 12 16 Launcher 2 | . 3 3 . Peak Build Rating 13 | 6 9 12 13 Average Rating 8 | 3 7 10 11 On Entrance 6 | . 6 9 11 Avg Prop Armor Cover (%) . | . . . . Naked Turns . | . . . . Heaviest Build 34 | 12 32 34 31 Greatest Support 23 | 20 20 23 23 Greatest Overweight (x) 9 | . 1 1 9 Average Overweight (x) . | . . 1 1 Largest Inventory Capacity 15 | 8 15 15 15 Average Capacity 12 | 6 9 15 15 Most Carried 13 | 7 10 13 11 Average Carried 8 | 4 7 9 8 Final Capacity 15 | 8 15 15 15 Final Carried 11 | 6 10 11 9 Class Distribution -------------------- 52% | Mutant 47% | Scavenger-Mutant Dominant Class ---------------- Mutant | -10/Materials Scavenger-Mutant | -9/Materials Scavenger-Mutant | -9/Mines Resources | -11 -10 -9 -9 ----------- Run | Yrd Mat Mat Min Matter Collected 782 | 228 90 345 119 Remotely 37 | . . . 37 Salvage Created 841 | . 220 473 148 Parts 60 | . 17 35 8 Haulers Intercepted . | . . . . Recyclers Shooed 1 | . . 1 . Parts Field Recycled . | . . . . Retrieved Matter . | . . . . Parts Self-Destructed . | . . . . Prevented . | . . . . Parts Restored . | . . . . Kills | -11 -10 -9 -9 ------- Run | Yrd Mat Mat Min Combat Hostiles Destroyed 23 | . 7 13 3 Guns 18 | . 6 9 3 AOE 5 | . 1 4 . Classes Destroyed 7 | . 2 5 . Builder 3 | . . 3 . Recycler 1 | . . 1 . Watcher 1 | . . 1 . Swarmer 7 | . 3 4 . Grunt 13 | . 4 7 2 Duelist 2 | . . 1 1 Sentry 1 | . . 1 . Best Kill Streak 8 | . 3 8 3 Combat Bots Only 7 | . 3 7 3 Max Kills in Single Turn 3 | . 1 3 1 Gunslinging . | . . . . Exploded 2 | . 1 2 . Melee . | . . . . Uniques/NPCs Destroyed . | . . . . Combat | -11 -10 -9 -9 -------- Run | Yrd Mat Mat Min Hostile Shots Fired 183 | . 39 89 55 Missed 45 | . 9 20 16 Hits 138 | . 30 69 39 Melee 11 | . . 4 7 Projectile 127 | . 30 65 32 Critical Strikes 5 | . 1 . 4 Damage Taken 2185 | . 388 1178 619 Core 504 | . 96 202 206 Absorbed by Shields . | . . . . Redirected to Shielding 8 | . . 8 . Core Remaining (%) 80 | 100 61 . . Volleys Fired 75 | . 27 34 14 Largest 2 | . 2 2 2 Hottest 105 | . 105 105 60 Shots Fired 151 | . 54 69 28 Gun 142 | . 52 62 28 Cannon . | . . . . Launcher 9 | . 2 7 . Special . | . . . . Kinetic 84 | . 23 46 15 Thermal 42 | . 25 9 8 Explosive 9 | . 2 7 . Electromagnetic 16 | . 4 7 5 Robot Hit Streak 9 | . 9 9 6 Robot Miss Streak 2 | . 2 2 2 Penetration Max . | . . . . Secondary Targets 3 | . 1 2 . Max Gunslinging Chain 1 | . 1 1 . Shots Hit Robots 95 | . 33 44 18 Core Hits 54 | . 14 31 9 Critical Kills 1 | . . 1 . Critical Parts Destroyed . | . . . . Critical Strikes 1 | . . 1 . Destroy 1 | . . 1 . Melee Attacks 1 | . . . 1 Impact . | . . . . Slashing . | . . . . Piercing . | . . . . Sneak Attacks . | . . . . Combat Hostiles . | . . . . Follow-up Attacks . | . . . . Damage Inflicted 1454 | . 355 897 202 Guns 1021 | . 317 510 194 Cannons . | . . . . Explosions 421 | . 38 383 . Melee . | . . . . Ramming 12 | . . 4 8 Kinetic 593 | . 118 371 104 Thermal 300 | . 179 77 44 Explosive 421 | . 38 383 . Electromagnetic 128 | . 20 62 46 Impact . | . . . . Slashing . | . . . . Piercing . | . . . . Highest Corruption 11 | . 1 11 11 Average Corruption 9 | . 1 11 11 Corruption Purged . | . . . . Corruption Blocked . | . . . . Effects 19 | . . 8 11 Message Errors 5 | . . 2 3 Matter Fused 2 | . . 1 1 Heat Flow Errors 2 | . . . 2 Energy Discharges 1 | . . . 1 Parts Rejected 1 | . . 1 . Data Loss (minor) 3 | . . 1 2 Data Loss (major) 1 | . . 1 . Misfires 2 | . . 1 1 Alerts 1 | . . . 1 Misdirections 1 | . . 1 . Overload Shots . | . . . . Overflow Damage . | . . . . Projectiles . | . . . . Explosions . | . . . . Melee . | . . . . Knockbacks . | . . . . Impact . | . . . . Kinetic . | . . . . Secondary . | . . . . Self-Inflicted Damage 42 | . . 42 . Shots 2 | . . 2 . Rammed . | . . . . Targets Rammed 3 | . . 1 2 Kicked 3 | . . 1 2 Crushed . | . . . . Highest Temperature 186 | . 174 145 186 Average Temperature 52 | . 64 42 40 Received Heat Transfer 630 | . 198 249 183 Siege Activations . | . . . . Martial Activations . | . . . . Shielding Activations . | . . . . Robots Disrupted . | . . . . Combat Hostiles . | . . . . Robots Corrupted . | . . . . Combat Hostiles . | . . . . Parts Fried . | . . . . Impact Corruptions . | . . . . Robots Melted . | . . . . Combat Hostiles . | . . . . Parts Melted . | . . . . Heat Transferred 697 | . 412 185 100 Parts Sabotaged . | . . . . Parts Stolen . | . . . . Parts Stripped . | . . . . Power Chain Reactions . | . . . . Alert | -11 -10 -9 -9 ------- Run | Yrd Mat Mat Min Maximum Alert Level 1 | . . 1 . Low Security (%) 98 | 100 100 96 100 Level 1 1 | . . 3 . Level 2 . | . . . . Level 3 . | . . . . Level 4 . | . . . . Level 5 . | . . . . High Security . | . . . . Max Security . | . . . . Peak Influence 204 | . 108 204 65 Initial 60 | . . 28 60 Average 57 | . 34 140 22 Influence Increases 629 | . 178 366 85 Destroy 0b10 Robot/C 460 | . 140 260 60 Destroy 0b10 Robot/NC 25 | . . 25 . Destroy Leader 82 | . 20 52 10 Successful Hack 5 | . 5 . . Destroy Structure 42 | . 13 29 . Lose Combat Pursuer 15 | . . . 15 Influence Decreases 629 | . 110 280 239 Entered New Map 134 | . . 40 94 Time Decay 355 | . 110 150 95 Lost Part 140 | . . 90 50 Squads Dispatched 2 | . 1 1 . Investigation . | . . . . Extermination . | . . . . Reinforcement 2 | . 1 1 . Assault . | . . . . Garrison . | . . . . Intercept . | . . . . Searches Triggered . | . . . . Construction Impeded 1 | . . 1 . Haulers Reinforced . | . . . . Active Scanning Responses . | . . . . Cargo Convoy Interrupts . | . . . . Stealth | -11 -10 -9 -9 --------- Run | Yrd Mat Mat Min Distress Signals . | . . . . Communications Jammed . | . . . . Distress Signals . | . . . . Times Spotted 35 | . 11 18 6 Peak Tracking Total 7 | . 5 7 3 Tactical Retreats 1 | . . . 1 Traps | -11 -10 -9 -9 ------- Run | Yrd Mat Mat Min Traps Triggered 2 | . 2 . . Indirectly . | . . . . Trap Hack Attempts . | . . . . Triggered . | . . . . Disarmed . | . . . . Reprogrammed . | . . . . Reused . | . . . . Traps Extracted . | . . . . Installed . | . . . . Triggered . | . . . . Machines | -11 -10 -9 -9 ---------- Run | Yrd Mat Mat Min Machines Disabled . | . . . . Max in Single Turn . | . . . . Machines Repaired . | . . . . Machines Dismantled . | . . . . Machines Sabotaged . | . . . . Overloaded Fab Kills . | . . . . Hacking | -11 -10 -9 -9 --------- Run | Yrd Mat Mat Min Machines Accessed 2 | . 2 . . Terminals 1 | . 1 . . Fabricators . | . . . . Repair Stations . | . . . . Recycling Units 1 | . 1 . . Scanalyzers . | . . . . Garrison Access . | . . . . Total Hacks 7 | . 7 . . Successful 5 | . 5 . . Failed 2 | . 2 . . Catastrophic . | . . . . Database Lockouts . | . . . . Manual . | . . . . Terminals 6 | . 6 . . Fabricators . | . . . . Repair Stations . | . . . . Recycling Units 1 | . 1 . . Scanalyzers . | . . . . Garrison Access . | . . . . Terminal Hacks 4 | . 4 . . Record 3 | . 3 . . Zone Layout 1 | . 1 . . Fabricator Hacks . | . . . . Repair Station Hacks . | . . . . Recycling Unit Hacks 1 | . 1 . . Report Inventory 1 | . 1 . . Scanalyzer . | . . . . Garrison Access Hacks . | . . . . Unauthorized Hacks . | . . . . Terminals . | . . . . Fabricators . | . . . . Repair Stations . | . . . . Recycling Units . | . . . . Scanalyzers . | . . . . Garrison Access . | . . . . Data Cores Recovered . | . . . . Used . | . . . . Hacking Detections 1 | . 1 . . Full Trace Events . | . . . . Feedback Events . | . . . . Feedback Blocked . | . . . . Robot Schematics Acquired . | . . . . Robots Built . | . . . . Authchips . | . . . . Time . | . . . . Total Robot Build Rating . | . . . . Part Schematics Acquired . | . . . . Parts Built . | . . . . Authchips . | . . . . Time . | . . . . Total Part Build Rating . | . . . . Part Studies Acquired . | . . . . Parts Repaired . | . . . . Time . | . . . . Parts Recycled . | . . . . Recycled Matter . | . . . . Retrieved Matter . | . . . . Retrieved Components . | . . . . Parts Scanalyzed . | . . . . Part Schematics Acquired . | . . . . Parts Damaged . | . . . . Bothacking | -11 -10 -9 -9 ------------ Run | Yrd Mat Mat Min Used RIF Installer . | . . . . Robots Hacked . | . . . . Non-combat . | . . . . Combat . | . . . . Robot Hacks Applied . | . . . . Relay Couplers Released . | . . . . Fabnet Peak Effective % . | . . . . Robots Rewired . | . . . . Allies Hacked . | . . . . Hacks Repelled . | . . . . Allies | -11 -10 -9 -9 -------- Run | Yrd Mat Mat Min Total Allies . | . . . . Largest Group . | . . . . Highest-Rated Group . | . . . . Highest-Rated Ally . | . . . . Total Orders . | . . . . Ally Attacks . | . . . . Total Damage . | . . . . Kills . | . . . . Allies Corrupted . | . . . . Allies Melted . | . . . . Intel | -11 -10 -9 -9 ------- Run | Yrd Mat Mat Min Active Infowar (turns) 935 | . 335 308 292 Terrain 355 | . . 307 48 Structural 935 | . 335 308 292 Robot Analysis Total . | . . . . Derelict Logs Recovered 1 | . . . 1 Drone Launches . | . . . . Drone Recoveries . | . . . . Exploration | -11 -10 -9 -9 ------------- Run | Yrd Mat Mat Min Turns Passed 1078 | 125 353 308 292 Spaces Moved 498 | 100 183 96 119 Core 37 | 36 . . 1 Treads . | . . . . Legs 461 | 64 183 96 118 Wheels . | . . . . Hover . | . . . . Flight . | . . . . Fastest Speed 50 | 50 120 190 190 Average Speed 149 | 94 130 190 193 Slowest Speed 500 | 120 190 190 500 Overloaded Moves . | . . . . Propulsion Burnouts . | . . . . Robots Hopped . | . . . . Potential Cave-ins . | . . . . Cave-ins Triggered 1 | . . 1 . Exploration Rate (%) 22 | 5 39 15 30 Regions Visited 3 Branch Regions 1 Pre-discovered Areas 1 | . . . 1 Known Exits Taken . | . . . . Unknown Exits Taken 3 | 1 1 1 . Scrap Searched . | . . . . Spaces Dug . | . . . . Terrain Destroyed 39 | . 12 27 . Melee . | . . . . Projectile . | . . . . AOE 39 | . 12 27 . Terrain Rammed . | . . . . Walls Destroyed . | . . . . Machines Disabled . | . . . . Actions | -11 -10 -9 -9 --------- Run | Yrd Mat Mat Min Total 691 | 129 252 156 154 Wait 33 | 14 17 2 . Move 495 | 99 182 95 119 Hop . | . . . . Pick Up 32 | 10 9 7 6 Fast Attach 6 | 2 1 3 . Attach 21 | 4 . 9 8 Detach . | . . . . Swap 14 | . 7 5 2 Drop 11 | . 9 . 2 Fire 75 | . 27 34 14 Melee 1 | . . . 1 Ram . | . . . . Kick 3 | . . 1 2 Crush . | . . . . Escape Stasis . | . . . . Rewire . | . . . . Trap . | . . . . Miscellaneous . | . . . . Route ------- -11/Scrapyard -10/Materials (discovered 2 exits: [*Mat] / [Sub]) -9/Materials -9/Mines (discovered 1 exit: [*Mat]) History --------- Turn | Location | Event 21 | -11/Scrapyard | Discovered new exit (range 15) 126 | -11/Scrapyard | Entered Materials 224 | -10/Materials | Discovered new exit (range 11) 309 | -10/Materials | Build established: Mutant 393 | -10/Materials | Discovered new exit (range 10) 479 | -10/Materials | Entered another Materials area 479 | -9/Materials | Evolved 2 slots: Utility x2 565 | -9/Materials | Destroyed 7 combat bots 575 | -9/Materials | Crushed by falling debris 575 | -9/Materials | System corruption reached 10% 628 | -9/Materials | Lost 5 parts (2p1u2w) 752 | -9/Materials | Discovered new exit (range 9) 783 | -9/Materials | Core integrity fell below 50% 787 | -9/Materials | Entered Mines 843 | -9/Mines | Core integrity fell below 20% 858 | -9/Mines | Discovered new exit (range 6) 881 | -9/Mines | Lost 6 parts (1p2n2u1w) 900 | -9/Mines | A weapon hastily lodged in a ceiling crevice suddenly fell to the ground 926 | -9/Mines | Build established: Scavenger-Mutant 1079 | -9/Mines | Destroyed by Y-45 Defender with Heavy Assault Rifle Last Messages --------------- System corrupted: Matter fused (-7). Acquired 7 matter. A Mak. Shrapnel Gun has been hastily shoved under some rubble with a note attached: "In case of Swarmers." Acquired Mak. Shrapnel Gun. Acquired 10 matter. K-01 Serf collects debris. System corrupted: Heat flow error (+187). K-01 Serf collects debris. Kicked K-01 Serf. System corrupted: Component data lost. System corrupted: Heat flow error (+219). Acquired derelict log, extracted data. World map updated: -8/Materials. System corrupted: IFF burst signal emitted. Kicked T-07 Excavator. HEJE9ZO&IW2Y=&I LBE&G2 QYB Q2AM|W#=G Lgt. Assault Rifle destroyed. Heat Sink destroyed. Aluminum Leg destroyed. Map ----- +----------------------------------------------------+ | | | | | | | | | | | | | | | | | | | | | | | | | | | | | | | | | | | | | | | | | | | ?????????????????????????????????????????????? | | ?????????????????????????????????????????????? | | ????????#################????????????????????? | | ??????###################???????##########???? | | ?????##### Y @ ####################??? | | ?????### ######### ########### ###??? | | ?????## ##" "### ## ## ##??? | | ?????## ## ?????## ## ## ## ##??? | | ?????### ### ??? ## ## ## ###### ##??? | | ?????#### #### ### ####### ###??? | | ??????### #####++########### ####??## ###??? | | ???????## ## #############???## ##???? | | ???????## ###??######????## ##???? | | ???????## # ##????????????## ##???? | | ???????## ## ??????????## ##???? | | ???????## ### ???????????## ##???? | | ??????### ### #### ???????????## ##???? | | ?????### ##? ##### ???????????##%###### | | ?????## ##?? ###??????????????## ###### | | ?????## ##??? ###???????????????## | | ?????## ##???? ###???????????????######## | | ????## ##???? ##????????????????######## | | ????## ##???? #??????????????????????## | | ????## ##?????????????????????????????## | | ????## ?????????????????????????????## | | ????## ??????????????????????????????## | | ????## ??????????????????????????????## | | ????### ?????????????????????????????# | | ????####### ?????????????????????????????? | +----------------------------------------------------+ Best States ------------- Heat Dissipation 38 Energy Generation 10 Energy Capacity 250 Matter Stores 300 Matter Capacity 300 Sight Range 16 Terrain Scan Range 14 Terrain Scan Density 10 Core Shielding 20 Evasion (%) 55 Item Schematics ----------------- None Robot Schematics ------------------ None Fabricated ------------ Nothing Repaired ---------- Nothing Studied --------- None Alien Tech Used ----------------- None Achievements -------------- DATA ERROR: Steam Global Achievement% For Emergencies Only I Have A Map? Organ Harvest There's More Where That Came From Challenges ------------ None Game ------ Seed DeflectorCatalystFlakker Manual? 0 Play Time 00:37:47 Cumulative 28.2 hours Start 2026.02.25 @ 14:43:07 End 2026.02.25 @ 15:22:38 Sessions 4 Manual Loads 0 Difficulty Rogue Special Mode None Game No. 28 Rogue 28 Adventurer 0 Explorer 0 Win Type - Total 0 Types 0/0/0/0/0/0/0/0/0/0 Lore% 13 Gallery% 23 Achievement% 12 Wizard Run 0 Options --------- Layout 1 ASCII 0 Keyboard 0 Movement Mouse Keybinds 0 Fullscreen 2 Font 32/CogWide Map View 77x35 Zoom Use 76% Tactical HUD 0 Map Filters NONE Filters NONE Steam 1 RUN: ea4c6ef7-d596-4596-b92f-94879ce6a9b9